 Dungeon Crawl Stone Soup version 0.27-a0-965-gbf8bb431c4 (webtiles) character file.

Game seed: 9209211789108919115

373037 rjrrt the Executioner (level 21, -11/214 (225) HPs)
             Began as a Minotaur Berserker on Apr 9, 2021.
             Was the Champion of Trog.
             Killed from afar by an ice dragon (42 damage)
             ... with a blast of cold
             ... on level 3 of the Depths on Apr 12, 2021.
             The game lasted 01:42:49 (59751 turns).

rjrrt the Executioner (Minotaur Berserker)         Turns: 59751, Time: 01:42:49

HP:   -11/214 (225) AC: 32    Str: 30    XL:     21   Next: 73%
MP:   20/20         EV: 37    Int:  4    God:    Trog [******]
Gold: 5217          SH:  0    Dex: 18    Spells: 20/20 levels left

rFire    . . .     SeeInvis .   a - +2 executioner's axe (freeze)
rCold    . . .     Faith    .   (shield currently unavailable)
rNeg     . . .     Spirit   .   N - +1 plate armour {rPois}
rPois    +         Reflect  .   K - +2 hat {Will+}
rElec    .         Harm     .   S - +2 cloak {rCorr}
rCorr    +         Rampage  .   y - +1 pair of gloves
Will     +++++     Rnd*Tele +   w - +2 pair of boots {Fly}
Stlth    ..........             R - amulet of the acrobat
HPRegen  0.45/turn              U - +4 ring of evasion
MPRegen  0.17/turn              E - ring of Olobar {Will++ Dex+6}

@: about to teleport, acrobatic, flying, lightly drained
A: horns 2, retaliatory headbutt, strong-willed 1, robust 1, teleportitis 1
}: 2/15 runes: decaying, gossamer
a: Renounce Religion, Berserk, Trog's Hand, Brothers in Arms


You were on level 3 of the Depths.
You worshipped Trog.
Trog was exalted by your worship.
You visited 7 branches of the dungeon, and saw 38 of its levels.
You visited 1 bazaar.
You also visited: Sewer, Ossuary and Ice Cave.

You collected 5973 gold pieces.
You spent 756 gold pieces at shops.

Inventory:

Hand Weapons
 a - a +2 executioner's axe of freezing (weapon)
 d - a +1 vorpal executioner's axe
 f - a +3 battleaxe of flaming
 m - a +9 antimagic executioner's axe
 I - a +3 bardiche of flaming
Missiles
 j - a throwing net
 l - 10 silver javelins (quivered)
Armour
 w - a +2 pair of boots of flying (worn)
 y - a +1 pair of gloves (worn)
 K - a +2 hat of willpower (worn)
 N - a +1 plate armour of poison resistance (worn)
 S - a +2 cloak of preservation (worn)
Jewellery
 u - an amulet of faith
 A - a ring of protection from cold
 E - the ring of Olobar (right hand) {Will++ Dex+6}
   (You found it on level 4 of the Lair of Beasts)

   [ring of dexterity]

   It affects your dexterity (+6).
   It greatly increases your willpower.
 R - an amulet of the acrobat (around neck)
 U - a +4 ring of evasion (left hand)
 V - a ring of see invisible
Wands
 r - a wand of iceblast (23)
 s - a wand of flame (63)
 z - a wand of digging (8)
 B - a wand of polymorph (35)
 C - a wand of paralysis (3)
 F - a wand of acid (22)
 Y - a wand of charming (25)
Scrolls
 b - 4 scrolls of fear
 h - 13 scrolls of teleportation
 k - 26 scrolls of identify
 n - 13 scrolls of fog
 o - 6 scrolls of magic mapping
 q - 5 scrolls of blinking
 D - a scroll of holy word
 H - 4 scrolls of enchant armour
 O - a scroll of summoning
 W - 5 scrolls of silence
Potions
 c - 4 potions of attraction
 e - 16 potions of curing
 g - 4 potions of ambrosia
 i - 8 potions of haste
 p - 2 potions of heal wounds
 t - 3 potions of cancellation
 v - 6 potions of invisibility
 x - 9 potions of lignification
 J - 2 potions of resistance
 M - 8 potions of might
 X - a potion of mutation
Miscellaneous
 G - a phantom mirror


   Skills:
 + Level 21.4 Fighting
 - Level 26.2 Axes
 + Level 19.4 Armour
 + Level 17.2 Dodging
 + Level 14.5 Evocations


You had 20 spell levels left.
You didn't know any spells.
Your spell library was empty.

Dungeon Overview and Level Annotations

Branches:
Dungeon (15/15)            Temple (0/1) D:4            Lair (6/6) D:9
  Swamp (4/4) Lair:2       Spider (4/4) Lair:3        Slime (0/5) Lair:6
    Orc (2/2) D:10            Elf (0/3) Orc:2        Vaults (4/5) D:13
  Crypt (0/3) Vaults:2     Depths (3/5) D:15          Sewer (visited)
Ossuary (visited)           IceCv (visited)

Altars:
Ashenzari
Dithmenos
Elyvilon
Gozag
Hepliaklqana
Kikubaaqudgha
Makhleb
Okawaru
Qazlal
Uskayaw
Vehumet
Wu Jian
Xom
Yredelemnul
The Shining One
Beogh
Jiyva

Shops:
D:2 [   D:6 *   D:8 :   D:13 (   Orc:2 ([(   Vaults:4 (

Portals:
Hell: Depths:1 Depths:2
Abyss: Depths:2 Depths:3
Pandemonium: Depths:1 Depths:3

Annotations:
Depths:2 1 transporter


Innate Abilities, Weirdness & Mutations

You have a pair of horns on your head.
You reflexively headbutt those who attack you in melee.
You are strong-willed. (Will+)
You are robust. (+10% HP)
You are occasionally teleported next to monsters.


Message History

The iron dragon breathes metal splinters at you.
The spray of metal splinters misses you.
The ice dragon is engulfed in a cloud of scalding steam.
A tengu reaver comes into view. It is wielding a +0 long sword.
The ice dragon breathes frost at you. The blast of cold hits you!!!
* * * LOW HITPOINT WARNING * * *
You are engulfed in a cloud of scalding steam.
* * * LOW HITPOINT WARNING * * *
Unknown command.
Your attacks no longer feel as feeble.
Unknown command.
The ice dragon is engulfed in a cloud of scalding steam.
The shadow dragon breathes negative energy at you.
The bolt of negative energy misses you. The ice dragon breathes frost at you.
The blast of cold misses you.
You are engulfed in a cloud of scalding steam.
* * * LOW HITPOINT WARNING * * *
The deep troll earth mage points at the ice dragon and mumbles some strange words.
The wall shatters!
The blast of rock fragments hits you but does no damage.
Unknown command.
As you read the scroll of teleportation, it crumbles to dust.
You feel strangely unstable. The ice dragon breathes frost at you.
The blast of cold hits you!
* * * LOW HITPOINT WARNING * * *
The shadow dragon breathes negative energy at you.
The bolt of negative energy hits you!!
You feel drained.
* * * LOW HITPOINT WARNING * * *
You feel much better.
You are engulfed in a cloud of scalding steam.
The ice dragon breathes frost at you. The blast of cold misses you.
Unknown command.
The ice dragon is engulfed in a cloud of scalding steam.
The ice dragon breathes frost at you. The blast of cold hits you!!!
You die...

# .≈≈≈≈≈≈≈≈≈§.i≈≈## ..
## §.....TQ..≈≈..≈≈##
#. .#
§≈.≈§§≈§§§.≈≈..≈≈## ..
.# #≈.≈####≈Q..≈≈u§§§#
## ## #§§ ##§§D§§§§§§#
... # # ##§§§§≈§.≈# ...
# ##§D).≈u≈# #.. #
##D§D≈.≈# #>. #
##@.§.§# #.. ## #§§§§§#
#.. .# #≈.§§§# #.. .#
#≈.≈§≈# #.. ##
######≈.≈.≈# ######.. #
#.
#.........###..........
# #..####........##
#.......... #
#........####..# #..#
####.. # #........#
#..# #..# #..


You could see a shadow dragon (catching breath), 2 very ugly things and 2 ice
dragons.

Vanquished Creatures
  Mara (Vaults:2)
  Xtahua (Depths:3)
  Nikola (Spider:1)
  The ghost of Cozefen the Warrior, an adept DgCj (Depths:1)
  Jorgrun (Swamp:3)
  A lich (Vaults:3)
  Gastronok (D:11)
  2 sphinxes (Vaults:3)
  Kirke (Spider:4)
  A thorn hunter (Swamp:4)
  A tengu reaver (Vaults:3)
  4 nagarajas (Depths:1)
  The ghost of AyAyRon the Bludgeoner, an adept DsFi of Yredelemnul (D:15)
  A fenstrider witch (Swamp:3)
  2 fire giants (Depths:2)
  An emperor scorpion (Spider:4)
  3 ghost moths
  Louise (Spider:3)
  7 vault wardens
  Aizul (Vaults:2)
  7 orc warlords
  4 frost giants
  A ghoul (Vaults:2)
  15 ironbound preservers
  23 very ugly things
  6 stone giants
  4 bunyips
  4 entropy weavers
  3 dire elephants
  2 spark wasps (Spider:4)
  A salamander tyrant (Depths:3)
  A deep elf death mage (Vaults:2)
  An eleionoma (Swamp:3)
  2 jiangshi (Depths:1)
  A fire dragon (Depths:2)
  3 ettins
  2 shambling mangroves
  2 great orbs of eyes
  6 yaktaur captains
  9 boulder beetles
  5 ironbound thunderhulks
  Fannar (D:10)
  Harold (D:11)
  4 naga warriors (Depths:1)
  3 vault guards (Vaults:1)
  The ghost of robertstho the Frost Mage, a journeyman GnIE of Sif Muna (D:10)
  2 ghost crabs (Swamp:3)
  A catoblepas (D:14)
  20 hydras
  3 alligators
  4 ironbound frosthearts
  7 ogre magi
  Erica (D:11)
  16 centaur warriors
  2 ice dragons
  2 death knights
  28 two-headed ogres
  2 deep troll shamans
  4 death yaks (Lair:6)
  3 anacondas (Depths:1)
  A vampire mage (Depths:1)
  5 ironbound beastmasters
  2 orc high priests
  A spriggan berserker (Swamp:4)
  2 tengu warriors
  2 deep troll earth magi (Depths:2)
  2 sun demons (Depths:1)
  5 hell knights (Depths:2)
  A fire crab (Lair:4)
  2 iron trolls (Depths:2)
  A salamander mystic (Depths:3)
  6 spriggans
  A sea snake (Depths:1)
  2 goliath frogs
  A death drake (Swamp:3)
  6 glowing orange brains
  43 deep trolls
  14 ironbound convokers
  Pikel (D:8)
  3 skeletal warriors (D:14)
  7 spriggan druids
  5 lindwurms
  6 necromancers
  10 swamp dragons
  15 wizards
  10 bog bodies
  6 orc knights
  A phantasmal warrior (Vaults:2)
  55 ugly things
  A deep elf pyromancer (D:15)
  26 wolf spiders
  5 salamanders
  4 orc sorcerers (Orc:1)
  8 orb spiders
  3 manticores
  2 moths of wrath (Spider:4)
  2 will-o-the-wisps
  An iron dragon skeleton (Vaults:2)
  15 elephants (Lair:6)
  6 cyclopes
  A smoke demon (Depths:1)
  A human skeleton (Vaults:2)
  An ice statue (IceCv)
  8 naga magi
  5 guardian serpents (Depths:1)
  12 vault sentinels
  7 black mambas
  A gargoyle (D:13)
  4 orange demons (D:11)
  Joseph (D:8)
  5 torpor snails
  30 cane toads
  Maggie (D:9)
  5 freezing wraiths
  2 kobold demonologists
  20 yaktaurs
  Psyche (D:8)
  A red devil (D:11)
  16 demonic crawlers
  14 komodo dragons
  3 tengu conjurers
  An ice devil (Depths:1)
  4 trolls
  A meliai (shapeshifter) (Vaults:4)
  27 jumping spiders
  A bloated husk (Swamp:2)
  17 polar bears
  Grinder (D:6)
  A hornet (shapeshifter) (Depths:3)
  A tengu simulacrum (Vaults:2)
  15 hornets
  33 blink frogs
  11 tyrant leeches
  30 slime creatures
  A centaur simulacrum (D:10)
  39 redbacks
  20 tarantellas
  Sigmund (D:5)
  5 water elementals
  A wyvern (Lair:1)
  6 shadows
  A golden eye (shapeshifter) (D:13)
  Eustachio (D:6)
  4 wraiths
  A hog (Spider:4)
  13 basilisks
  87 yaks
  A steam dragon (D:9)
  25 vampire mosquitoes
  8 wargs
  A naga (Depths:1)
  Menkaure (D:7)
  10 swamp worms
  An acid dragon (D:9)
  A floating eye (Depths:2)
  36 orc warriors
  16 water moccasins
  Duvessa (D:4)
  8 ice beasts (D:15)
  A hornet zombie (D:5)
  8 swamp drakes
  A sky beast (D:7)
  5 black bears
  A necrophage (D:5)
  39 ogres
  2 boggarts (Vaults:2)
  24 wolves
  15 centaurs
  2 lemures (D:8)
  4 kobold brigands
  20 bullfrogs
  Dowan (D:4)
  2 scorpions
  A wyvern zombie (D:7)
  A wyvern skeleton (D:6)
  6 killer bees (D:11)
  13 electric eels
  16 wights
  4 howler monkeys
  A crimson imp (D:3)
  3 centaur zombies
  5 hounds
  A bullfrog zombie (D:5)
  26 orc priests
  4 iguanas
  Natasha (thrice) (D:4)
  32 orc wizards
  5 mummies
  3 howler monkey zombies
  A howler monkey skeleton (D:4)
  11 gnolls
  A river rat (Sewer)
  9 adders
  2 white imps
  2 adder skeletons (D:4)
  A dart slug (D:2)
  94 orcs
  3 bats (D:3)
  7 endoplasms
  5 giant cockroaches
  2 gnoll zombies (Ossuary)
  3 goblins
  2 hobgoblins
  10 jackals
  19 kobolds
  9 quokkas
  10 ball pythons
  19 frilled lizards
  3 gnoll skeletons (Ossuary)
  4 goblin skeletons (Ossuary)
  2 goblin zombies
  3 hobgoblin skeletons (Ossuary)
  4 hobgoblin zombies (Ossuary)
  A kobold skeleton (Ossuary)
  6 kobold zombies (Ossuary)
  6 orc skeletons (Ossuary)
  6 orc zombies
  13 rats
  5 rat skeletons (Ossuary)
  7 rat zombies (Ossuary)
  A briar patch (Swamp:4)
1620 creatures vanquished.

Vanquished Creatures (collateral kills)
  Mennas (Vaults:2)
  Arachne (Spider:2)
  An ironbound preserver (Vaults:1)
  A two-headed ogre (D:13)
  2 skeletal warriors (D:13)
  A deep troll (Vaults:1)
  A bog body (Lair:2)
  2 orc sorcerers (Orc:1)
  2 orb spiders (Spider:1)
  A wolf spider (Spider:4)
  An orc knight (Orc:1)
  A troll (Orc:1)
  A jumping spider (Spider:4)
  3 blink frogs (Lair:3)
  A red devil (D:11)
  A redback (Spider:4)
  A wyvern (D:9)
  A yak (D:11)
  3 tarantellas
  A vampire mosquito (D:11)
  2 wargs (Orc:1)
  4 orc warriors (Orc:1)
  2 ogres (Orc:1)
  A centaur (D:9)
  An orc wizard (Orc:1)
  8 orcs
45 creatures vanquished.

Vanquished Creatures (others)
  A bloated husk (Swamp:1)
  2 humans (Spider:4)
  A boggart (Vaults:2)
  An orc priest (Orc:1)
  An orc wizard (D:13)
  A ball python (Depths:1)
  A hobgoblin skeleton (Ossuary)
  An orc skeleton (Ossuary)
  A rat skeleton (Ossuary)
  A briar patch (Swamp:4)
  A bush (Lair:6)
  10 foxfires
  37 fungi
  142 plants
201 creatures vanquished.

Grand Total: 1866 creatures vanquished

Notes
Turn   | Place    | Note
-------+----------+-------------------------------------------
     0 | D:1      | rjrrt the Minotaur Berserker began the quest for the Orb.
     0 | D:1      | Reached XP level 1. HP: 19/19 MP: 0/0
   118 | D:1      | Reached skill level 4 in Axes
   239 | D:1      | Reached XP level 2. HP: 26/26 MP: 1/1
   398 | D:1      | Reached ** piety under Trog
   513 | D:1      | Reached skill level 5 in Axes
   682 | D:1      | Reached XP level 3. HP: 31/31 MP: 2/2
   986 | D:2      | Found Longul's Armour Shop.
   997 | D:2      | Reached skill level 6 in Axes
   997 | D:2      | Reached XP level 4. HP: 34/39 MP: 3/3
  1148 | D:2      | Found a broken altar of Ashenzari.
  1324 | D:2      | Found a faded altar of an unknown god.
  1919 | D:3      | Found a basalt altar of Yredelemnul.
  1933 | D:3      | Reached XP level 5. HP: 45/45 MP: 4/4
  1962 | D:3      | Reached skill level 7 in Axes
  1969 | D:3      | Found a glowing drain.
  1981 | Sewer    | Entered a sewer
  2096 | Sewer    | Reached *** piety under Trog
  2469 | D:3      | Found a burning altar of Makhleb.
  2469 | D:3      | Found a shimmering altar of Xom.
  2947 | D:4      | Reached skill level 8 in Axes
  2947 | D:4      | Reached XP level 6. HP: 47/51 MP: 5/5
  3148 | D:4      | Reached skill level 9 in Axes
  3221 | D:4      | Found a staircase to the Ecumenical Temple.
  3281 | D:4      | Found a shadowy altar of Dithmenos.
  3549 | D:4      | Noticed Duvessa
  3552 | D:4      | Noticed Dowan
  3566 | D:4      | Killed Duvessa
  3567 | D:4      | Reached XP level 7. HP: 31/59 MP: 6/6
  3576 | D:4      | Killed Dowan
  3922 | D:4      | Noticed Natasha
  3928 | D:4      | Killed Natasha
  4327 | D:4      | Noticed Natasha
  4346 | D:4      | Killed Natasha
  4468 | D:4      | Noticed Natasha
  4478 | D:4      | Killed Natasha
  4478 | D:4      | Reached **** piety under Trog
  4484 | D:5      | Entered Level 5 of the Dungeon
  4519 | D:5      | Found a stormy altar of Qazlal.
  4704 | D:5      | Found a radiant altar of Vehumet.
  4837 | D:5      | Noticed Sigmund
  4841 | D:5      | Reached skill level 5 in Fighting
  4854 | D:5      | Killed Sigmund
  4879 | D:5      | Reached skill level 5 in Armour
  4879 | D:5      | Reached XP level 8. HP: 70/70 MP: 7/7
  4943 | D:5      | Found a broken altar of Ashenzari.
  4964 | D:5      | Reached skill level 10 in Axes
  5413 | D:6      | Noticed Eustachio
  5605 | D:6      | Killed Eustachio
  5711 | D:6      | Found Viust's General Store.
  5869 | D:5      | Found a hazy altar of Hepliaklqana.
  5869 | D:5      | Found an iron altar of Okawaru.
  6181 | D:6      | Noticed Grinder
  6199 | D:6      | Killed Grinder
  6200 | D:6      | Reached skill level 11 in Axes
  6200 | D:6      | Reached XP level 9. HP: 79/79 MP: 8/8
  6804 | D:7      | Reached skill level 1 in Evocations
  6904 | D:7      | Reached ***** piety under Trog
  7142 | D:7      | Noticed Menkaure
  7151 | D:7      | Killed Menkaure
  7504 | D:7      | Noticed a komodo dragon
  7514 | D:7      | Killed a komodo dragon
  7698 | D:7      | Identified a scroll of acquirement
  7698 | D:7      | Acquired 1237 gold pieces
  7996 | D:2      | Bought a +2 pair of boots of flying for 301 gold pieces
  8192 | D:8      | Noticed Joseph
  8216 | D:8      | Killed Joseph
  8302 | D:8      | Found Saext's Book Shoppe.
  8312 | D:8      | Reached XP level 10. HP: 90/90 MP: 9/9
  8419 | D:8      | Noticed Pikel
  8435 | D:8      | Killed Pikel
  8515 | D:8      | Found a sand-covered staircase.
  8523 | Ossuary  | Entered an ossuary
  8814 | Ossuary  | Received a gift from Trog
  9121 | D:8      | Found an opulent altar of Gozag.
  9176 | D:8      | Noticed Psyche
  9183 | D:8      | Reached skill level 12 in Axes
  9189 | D:8      | Reached skill level 5 in Dodging
  9197 | D:8      | Killed Psyche
 10015 | D:9      | Found a glowing golden altar of the Shining One.
 10689 | D:9      | Found a staircase to the Lair.
 11098 | D:9      | Reached skill level 10 in Fighting
 11269 | D:9      | Noticed Maggie
 11285 | D:9      | Killed Maggie
 11289 | D:9      | Reached XP level 11. HP: 99/99 MP: 10/10
 11704 | Lair:1   | Entered Level 1 of the Lair of Beasts
 11767 | Lair:1   | Reached skill level 10 in Armour
 11767 | Lair:1   | Reached skill level 5 in Evocations
 11852 | Lair:1   | You are sucked into a shaft and drop 1 floor!
 12441 | Lair:2   | Reached skill level 13 in Axes
 12463 | Lair:2   | Upgraded the game from 0.27-a0-920-gb2bd10914a to
                  | 0.27-a0-965-gbf8bb431c4
 12540 | Lair:1   | HP: 7/151 [cane toad (15)]
 12546 | Lair:1   | HP: 2/101 [poisoned by a cane toad]
 13064 | Lair:1   | Noticed a four-headed hydra
 13069 | Lair:1   | Killed a one-headed hydra
 13503 | Lair:1   | Received a gift from Trog
 14034 | Lair:2   | Reached skill level 14 in Axes
 14034 | Lair:2   | Reached XP level 12. HP: 83/110 MP: 11/11
 14288 | Lair:2   | Found a staircase to the Swamp.
 14868 | Lair:3   | Reached skill level 15 in Axes
 15359 | Lair:3   | Reached skill level 16 in Axes
 15808 | Lair:3   | Identified the +1 chain mail of Wasted Space {Will+ Int-3
                  | Stlth+}
 15979 | Lair:3   | Found a hole to the Spider Nest.
 16789 | Lair:4   | Found an ornate altar of the Wu Jian Council.
 16789 | Lair:4   | Noticed a boulder beetle
 16803 | Lair:4   | Killed a boulder beetle
 16804 | Lair:4   | Reached skill level 17 in Axes
 17158 | Lair:4   | Found a hide-covered altar of Uskayaw.
 17160 | Lair:4   | Identified the ring of Olobar {Will++ Dex+6}
 17212 | Lair:4   | Reached XP level 13. HP: 97/117 MP: 12/12
 18799 | Lair:5   | Received a gift from Trog
 19266 | Lair:6   | Entered Level 6 of the Lair of Beasts
 19328 | Lair:6   | Reached skill level 18 in Axes
 19649 | Lair:6   | Reached skill level 10 in Dodging
 19978 | Lair:6   | Reached XP level 14. HP: 107/127 MP: 13/13
 20519 | Lair:6   | Received a gift from Trog
 20525 | Lair:6   | Reached skill level 19 in Axes
 20689 | Lair:6   | Found a viscous altar of Jiyva.
 20689 | Lair:6   | Found a staircase to the Slime Pits.
 21462 | D:10     | Entered Level 10 of the Dungeon
 21500 | D:10     | Identified the +0 animal skin of Prudence {rElec}
 21529 | D:10     | Found a staircase to the Orcish Mines.
 21854 | D:10     | Found the +6 Majin-Bo {vamp, MP+6 Int+6}
 22098 | D:10     | Found an ancient bone altar of Kikubaaqudgha.
 22446 | D:10     | Found a runed translucent gate.
 22446 | D:10     | Found a runed translucent gate.
 22446 | D:10     | Found a runed translucent gate.
 22446 | D:10     | Noticed robertstho's ghost (journeyman GnIE)
 22463 | D:10     | Killed robertstho's ghost
 22667 | Orc:1    | Entered Level 1 of the Orcish Mines
 22675 | Orc:1    | Noticed an orc warlord
 22675 | Orc:1    | Noticed Fannar
 22701 | D:10     | Killed Fannar
 22705 | D:10     | Killed an orc warlord
 23079 | Orc:1    | Received a gift from Trog
 23327 | Orc:2    | Entered Level 2 of the Orcish Mines
 23970 | Orc:1    | Noticed an orc warlord
 24039 | Orc:1    | Noticed an orc warlord
 24246 | Orc:1    | Noticed an orc warlord
 24262 | Orc:1    | Killed an orc warlord
 24387 | Orc:1    | Killed an orc warlord
 24409 | Orc:1    | Reached XP level 15. HP: 51/138 MP: 14/14
 24698 | Orc:1    | Killed an orc warlord
 24929 | Orc:1    | Reached skill level 20 in Axes
 25118 | Orc:1    | Identified the +7 dagger of Cowardice {flame, Will+ Str+5}
 25360 | Orc:2    | Reached ****** piety under Trog
 25385 | Orc:2    | Received a gift from Trog
 25972 | Orc:2    | Found Vicait's Antique Weapon Shop.
 25972 | Orc:2    | Found Uzipular's Antique Armour Emporium.
 25973 | Orc:2    | Found Gohel's Antique Armour Emporium.
 25973 | Orc:2    | Found Rafoon's Weapon Boutique.
 26315 | Orc:2    | Found a staircase to the Elven Halls.
 27031 | D:11     | Noticed Gastronok
 27044 | D:11     | Killed Gastronok
 27079 | D:11     | Found a flickering gateway to a bazaar.
 27088 | Bazaar   | Entered a bazaar
 27314 | Bazaar   | Found Ureimoa's Armour Shoppe.
 27357 | Bazaar   | Found Waolam's Antique Weapon Shoppe.
 27357 | Bazaar   | Found Jagup's Magic Scroll Emporium.
 27395 | Bazaar   | Bought a scroll of enchant armour for 105 gold pieces
 27395 | Bazaar   | Bought a scroll of summoning for 133 gold pieces
 27395 | Bazaar   | Bought a scroll of teleportation for 42 gold pieces
 27395 | Bazaar   | Bought a scroll of enchant weapon for 105 gold pieces
 27395 | Bazaar   | Bought a scroll of fog for 28 gold pieces
 27395 | Bazaar   | Bought a scroll of teleportation for 42 gold pieces
 27898 | D:11     | Noticed Erica
 27900 | D:11     | Killed Erica
 27900 | D:11     | Received a gift from Trog
 27955 | D:11     | Noticed Harold
 27969 | D:11     | Killed Harold
 29467 | D:13     | Reached skill level 15 in Fighting
 29467 | D:13     | Reached skill level 21 in Axes
 29669 | D:13     | Reached XP level 16. HP: 149/149 MP: 15/15
 29671 | D:13     | Found a gate to the Vaults.
 30245 | D:13     | Found Kupixt's Weapon Shoppe.
 30573 | D:14     | Reached skill level 15 in Armour
 30585 | D:14     | Received a gift from Trog
 30980 | D:14     | Identified the +2 robe "Ishruink" {Str+3}
 31558 | D:15     | Entered Level 15 of the Dungeon
 31636 | D:15     | Found a frozen archway.
 31655 | IceCv    | Entered an ice cave
 32353 | D:15     | Received a gift from Trog
 32385 | D:15     | Found a staircase to the Depths.
 32719 | D:15     | Found a runed translucent gate.
 32719 | D:15     | Noticed AyAyRon's ghost (adept DsFi)
 32721 | D:15     | Found a runed translucent gate.
 32722 | D:15     | Found a runed translucent gate.
 32723 | D:15     | Identified the +4 chain mail of the Unbroken {rN+ Int+3}
 32922 | D:15     | Killed AyAyRon's ghost
 33715 | D:15     | Reached skill level 22 in Axes
 34517 | Swamp:1  | Entered Level 1 of the Swamp
 35123 | Swamp:1  | Reached XP level 17. HP: 158/158 MP: 16/16
 36735 | Swamp:3  | Received a gift from Trog
 37258 | Swamp:3  | Noticed Jorgrun
 37281 | Swamp:3  | Killed Jorgrun
 37567 | Swamp:3  | Gained mutation: You are occasionally teleported next to
                  | monsters. [mutagenic glow]
 37584 | Swamp:3  | Gained mutation: You are robust. (+10% HP) [mutagenic glow]
 37596 | Swamp:3  | Gained mutation: You are strong-willed. (Will+) [mutagenic
                  | glow]
 37990 | Swamp:4  | Entered Level 4 of the Swamp
 38599 | Swamp:4  | HP: 4/261 [death yak[a spriggan berserker] (29)]
 40045 | Swamp:4  | Got a decaying rune of Zot
 40046 | Swamp:4  | Identified the +7 falchion of Attainder {protect, Str+3}
 40347 | Spider:1 | Entered Level 1 of the Spider Nest
 40366 | Spider:1 | Received a gift from Trog
 40776 | Spider:1 | Reached skill level 23 in Axes
 40777 | Spider:1 | Noticed Nikola
 40787 | Spider:1 | Killed Nikola
 41341 | Spider:1 | Reached XP level 18. HP: 172/184 MP: 17/17
 42060 | Spider:2 | Noticed Arachne
 42077 | Spider:2 | Killed Arachne
 42393 | Spider:2 | Acquired a manual of Fighting
 43008 | Spider:3 | Received a gift from Trog
 43382 | Spider:3 | Noticed Louise
 43388 | Spider:3 | Killed Louise
 43619 | Spider:4 | Entered Level 4 of the Spider Nest
 43661 | Spider:4 | Acquired a manual of Evocations
 43756 | Spider:4 | Noticed Kirke
 43768 | Spider:4 | Killed Kirke
 44059 | Spider:4 | Paralysed by a hornet for 3 turns
 45037 | Spider:4 | Paralysed by a hornet for 1 turns
 45751 | Spider:4 | Got a gossamer rune of Zot
 46260 | Vaults:1 | Entered Level 1 of the Vaults
 46279 | Vaults:1 | Reached skill level 15 in Dodging
 46527 | Vaults:1 | Received a gift from Trog
 47433 | Vaults:1 | Reached skill level 24 in Axes
 47456 | Vaults:1 | Reached skill level 10 in Evocations
 47457 | Vaults:1 | Reached XP level 19. HP: 147/196 MP: 18/18
 48987 | Vaults:2 | Noticed Aizul
 48993 | Vaults:2 | Received a gift from Trog
 48997 | Vaults:2 | Killed Aizul
 50228 | Vaults:2 | Noticed Mennas
 50267 | Vaults:2 | Killed Mennas
 50468 | Vaults:2 | Noticed Mara
 50475 | Vaults:2 | Noticed rjrrt's illusion
 50494 | Vaults:2 | Killed Mara
 50956 | Vaults:2 | Reached XP level 20. HP: 210/210 MP: 19/19
 50969 | Vaults:2 | Identified the +6 battleaxe of the Six Friends {vorpal,
                  | +Rage rF+ Will+} (Trog gifted it to you on level 2 of the
                  | Vaults)
 50969 | Vaults:2 | Received a gift from Trog
 51000 | Vaults:2 | Found a staircase to the Crypt.
 51383 | Vaults:3 | Reached skill level 25 in Axes
 51433 | Vaults:3 | You are sucked into a shaft and drop 1 floor!
 51937 | Vaults:4 | Found Qahint's Antique Weapon Boutique.
 52016 | Vaults:3 | Received a gift from Trog
 52672 | Vaults:3 | Identified the +1 robe "Romeh" {rF++ Dex+2}
 52681 | Vaults:3 | Found a radiant altar of Vehumet.
 53648 | Vaults:4 | Received a gift from Trog
 55165 | Depths:1 | Entered Level 1 of the Depths
 55165 | Depths:1 | Found a large runed translucent door.
 55165 | Depths:1 | Found a large runed translucent door.
 55174 | Depths:1 | Noticed Cozefen's ghost (adept DgCj)
 55200 | Depths:1 | Killed Cozefen's ghost
 55207 | Depths:1 | Found a one-way gate leading to the halls of Pandemonium.
 55318 | Depths:1 | Identified the +1 robe "Neatim" {+Blink rC+++ Stlth-}
 55787 | Depths:1 | Reached XP level 21. HP: 216/222 MP: 20/20
 56404 | Depths:1 | Received a gift from Trog
 57069 | Depths:1 | Reached skill level 26 in Axes
 57072 | Depths:1 | Found a gateway to Hell.
 57310 | Depths:2 | Found a transporter.
 57877 | Depths:2 | Found a radiant altar of Vehumet.
 57883 | Depths:2 | Received a gift from Trog
 58590 | Depths:2 | Found a one-way gate to the infinite horrors of the Abyss.
 58695 | Depths:3 | Noticed Xtahua
 58709 | Depths:3 | Killed Xtahua
 59512 | Depths:3 | Found a white marble altar of Elyvilon.
 59740 | Depths:3 | Noticed a juggernaut
 59751 | Depths:3 | Killed from afar by an ice dragon

Illustrated notes

Levels and vault maps discovered:
D:1:      tarquinn_simple_flora_water_e, layout_basic, minmay_lizard_king
D:2:      layout_loops_ring, ebering_ecumenical_altar_hall, serial_shops,
          nicolae_shop_trees, basic_altar
D:3:      layout_basic, grunt_temple_overflow_champion_of_chaos,
          lemuel_crystal_altar, gup_sewer_entry_pipe
D:4:      layout_basic, nicolae_dithmenos_the_darkroom,
          minmay_temple_entry_poolview, kennysheep_boxes, uniq_natasha,
          uniq_duvessa
D:5:      layout_basic, nicolae_overflow_hidden_temple, grunt_qazlal_sundering,
          lemuel_round_altar, uniq_sigmund
D:6:      layout_gridville, serial_shops, nicolae_shop_crystal, uniq_grinder,
          uniq_eustachio
D:7:      minmay_opposing_rooms, layout_basic, uniq_menkaure
D:8:      layout_cave_pods, lemuel_tele_altar, serial_shops, shop,
          nicolae_ossuary_entry_giza, uniq_psyche, uniq_pikel, uniq_joseph
D:9:      layout_roguey, lemuel_round_altar, erik_lair_dragon, uniq_maggie
D:10:     statuecave_lemuel, layout_basic, kiku_gazebo_garden_becter,
          erik_orc_1, ebering_ghost_rock_garden, minmay_radiant
D:11:     layout_loops_cross, serial_shops, bzr_firewalk,
          minmay_beelzebubs_servants, uniq_erica, uniq_harold, uniq_gastronok
D:12:     layout_roguey
D:13:     layout_basic, skrybe_vaults_entry_preservation, serial_shops,
          kennysheep_mini
D:14:     layout_cave_pools, chequers_avenue, minmay_misc_feat_encased
D:15:     hangedman_depths_entry_try_elsewhere_first, layout_long_grid,
          portal_ice_cave_entry_ice_beasts, wad_floor_pattern_untrapped,
          biasface_ghost_orc_armoury
Lair:1:   layout_chaotic_city, lemuel_fruit_fields
Lair:2:   layout_long_grid, nicolae_swamp_entry_splash_gauntlet,
          grunt_forest_small_clearing_treed, grunt_megastairs_4,
          lemuel_fruit_fields
Lair:3:   layout_roguey, nicolae_spider_entry_orb_guardian,
          infiniplex_staircase_pool
Lair:4:   layout_roguey, nzn_masters_of_martial_movement
Lair:5:   layout_hall_layers, grunt_forest_stairs_basic, grunt_megastairs_5
Lair:6:   minmay_lair_end_frog_pond, layout_regular_city,
          dpeg_slime_entry_enclosed_altar, serial_bayou_ford_a
Swamp:1:  layout_basic_swamp, hangedman_swamp_ruin_hall
Swamp:2:  layout_basic_swamp, serial_swamp_ruin, evilmike_swamp_ruin_house_4,
          evilmike_swamp_ruin_house_1, evilmike_swamp_ruin_rubble_1
Swamp:3:  nicolae_swamp_standing_stones, layout_basic_swamp,
          evilmike_swamp_ruin_house_2, uniq_jorgrun
Swamp:4:  swamp_basic_johnstein, layout_basic_swamp, swamp_pool5,
          infiniplex_staircase_pool_2
Spider:1: layout_spider_delve, drop_trap, nicolae_crawler_farm, uniq_nikola
Spider:2: layout_spider_delve, nicolae_spider_paper_wasps, uniq_arachne
Spider:3: layout_spider_delve, uniq_louise
Spider:4: guppyfry_spider_rune, nicolae_spider_webs_and_nodes, uniq_kirke
Orc:1:    layout_caves, minmay_orc_treasury, uniq_fannar
Orc:2:    st_orc_ogre_mass, layout_diamond_mine
Vaults:1: nicolae_vaults_back_hallway, v_misc_25, vaults_room_fours,
          vaults_mumra_bighexcomb, nicolae_vaults_sealed_display,
          nicolae_vaults_stairing_the_circle, v_alt_pattern_6,
          nicolae_vaults_alarming, grunt_vaults_funnel, vaults_room_grid,
          serial_ice_b, nicolae_vaults_specimen_jars, layout_vaults_ring
Vaults:2: nicolae_vaults_bisected_slash, v_misc_32, v_pattern_5,
          ontoclasm_vaults_ring_square, ontoclasm_vaults_fault,
          vaults_room_pools, v_misc_19, minmay_crypt_entry_simple_plaza,
          nicolae_vaults_what_the_h, grunt_vaults_hallway_long,
          layout_vaults_big_room, uniq_mara, uniq_aizul, uniq_mennas
Vaults:3: v_misc_19, vaults_mumra_hexcomb, ontoclasm_vaults_ring_square,
          grunt_tower_of_power, vaults_dpeg_doors, grunt_vaults_hallway_short,
          hangedman_vaults_locks, vaults_room_ringed_pool,
          hangedman_vaults_stretched_pinwheel, vaults_dpeg_cross,
          nicolae_vaults_shelves_hall, nicolae_vaults_asterisk,
          layout_vaults_big_cross
Vaults:4: grunt_vaults_swirl, vaults_room_stairs_pillars,
          hangedman_vaults_stretched_pinwheel, vaults_room_hallway, v_misc_16,
          hangedman_vaults_river_flow, nicolae_vaults_rhombus_5,
          ontoclasm_vaults_idyll, st_smaller_cells,
          nicolae_vaults_little_squares_1, vaults_dpeg_diagonal,
          nicolae_vaults_shelves_hall, layout_vaults_omnigrid, serial_shops,
          shop
Depths:1: layout_gridlike, grunt_pan_entry_sceptre,
          serial_sigils_hangedman_etch, ebering_ghost_disaster_area,
          hellmouth_1, minmay_serpent_palace, serial_bayou_shore_a
Depths:2: gammafunk_sealed_library, layout_cave_pools, hell_entry,
          marbit_kobold_abyss_entry, minmay_misc_feat_secret_circle,
          serial_bayou_shore_b
Depths:3: evilmike_lava_path, layout_small_grid, abyss_entry_crystal, pan_entry,
          hellmouth_2, hangedman_ru_absence, elyvilon_altar_5,
          infiniplex_staircase_x, uniq_xtahua

Skill      XL: |  1  2  3  4  5  6  7  8  9 10 11 12 13 14 15 16 17 18 19 20 21 |
---------------+----------------------------------------------------------------+-----
Axes           | 4 5 6 8 9 11 12 14 17 18 19 21 22 23 24 25 26 | 26.2
Fighting       | 4 5 7 8 10 11 12 14 15 16 18 19 20 21 | 21.4
Armour         | 3 5 7 8 9 11 12 13 14 15 16 17 18 19 | 19.4
Evocations     | 2 4 5 6 7 10 12 13 14 | 14.5
Dodging        | 4 6 8 10 11 12 13 14 15 16 17 | 17.2

Action                   |  1- 3 |  4- 6 |  7- 9 | 10-12 | 13-15 | 16-18 | 19-21 || total
-------------------------+-------+-------+-------+-------+-------+-------+-------++-------
Melee: Hand axe          |    61 |   174 |    87 |     4 |       |       |       ||   326
       Headbutt          |    10 |    16 |    61 |   155 |   259 |   341 |   304 ||  1146
       War axe           |       |       |   210 |   408 |       |       |       ||   618
       Battleaxe         |       |       |       |   205 |   827 |   342 |       ||  1374
       Executioner's axe |       |       |       |       |   132 |   763 |   975 ||  1870
Throw: Javelin           |       |       |       |       |       |     1 |       ||     1
Invok: Berserk           |     1 |     3 |     6 |    12 |     6 |    13 |     6 ||    47
       Brothers in Arms  |       |       |       |     3 |     4 |     6 |     3 ||    16
       Trog's Hand       |       |       |       |       |     4 |     6 |     1 ||    11
Evoke: Wand              |       |       |     3 |     4 |     6 |     9 |       ||    22
  Use: Scroll            |       |    11 |    10 |     5 |     7 |    15 |     3 ||    51
       Potion            |       |       |       |     2 |       |     2 |     1 ||     5
 Stab: Distracted        |       |       |       |       |     1 |     1 |       ||     2
       Confused          |       |       |       |       |     1 |       |       ||     1
Armor: Leather armour    |    11 |     1 |       |       |       |       |       ||    12
       Plate armour      |       |   102 |   207 |   335 |   149 |   780 |   400 ||  1973
       Chain mail        |       |       |       |    39 |   219 |       |       ||   258
Dodge: Dodged            |    38 |    56 |    94 |   272 |   493 |  1102 |   854 ||  2909

Table legend: (Time is in decaauts)
 A = Elapsed time spent in this place.
 B = Non-inter-level travel time spent in this place.
 C = Inter-level travel time spent in this place.
 D = Time resting spent in this place.
 E = Time spent auto-exploring this place.
 F = Levels seen in this place.
 G = Mean time per level.
                   A        B        C        D        E       F      G
               +--------+--------+--------+--------+--------+-----+--------+
         Total |  59616 |  56993 |   2623 |  16907 |  27208 |  42 | 1419.4 |
       Dungeon |  20108 |  18743 |   1365 |   3645 |  11369 |  15 | 1340.5 |
          Lair |   9957 |   9413 |    544 |   3255 |   4221 |   6 | 1659.5 |
         Swamp |   5729 |   5613 |    116 |   2359 |   2407 |   4 | 1432.2 |
   Spider Nest |   5494 |   5309 |    185 |   2151 |   1649 |   4 | 1373.5 |
  Orcish Mines |   3631 |   3528 |    103 |   1029 |   1293 |   2 | 1815.5 |
        Vaults |   8686 |   8402 |    284 |   2181 |   4596 |   4 | 2171.5 |
        Depths |   4261 |   4237 |     24 |   1866 |   1111 |   3 | 1420.3 |
        Bazaar |    329 |    329 |      0 |    209 |      0 |   1 |  329.0 |
         Sewer |    462 |    462 |      0 |     65 |    212 |   1 |  462.0 |
       Ossuary |    408 |    408 |      0 |     60 |    135 |   1 |  408.0 |
      Ice Cave |    547 |    547 |      0 |     84 |    215 |   1 |  547.0 |
               +--------+--------+--------+--------+--------+-----+--------+

Top non-repeatable levels by time:
Vaults:1: 2654 daAuts
 Swamp:3: 2399 daAuts
    D:15: 2358 daAuts
Depths:1: 2309 daAuts
     D:9: 2301 daAuts
Spider:4: 2261 daAuts
Vaults:2: 2211 daAuts
Vaults:3: 1942 daAuts
  Lair:6: 1935 daAuts
   Orc:2: 1911 daAuts
Vaults:4: 1877 daAuts
  Lair:2: 1874 daAuts
    D:13: 1830 daAuts
  Lair:3: 1739 daAuts
  Lair:1: 1722 daAuts
